 Dungeon Crawl Stone Soup version 0.27.1-33-g824d729ab1 (webtiles) character file.

Game seed: 3908560038841066627

191 safid the Skirmisher (level 5, -3/47 HPs)
             Began as a Hill Orc Fighter on Dec 17, 2021.
             Slain by a gnoll (7 damage)
             ... on level 3 of the Dungeon.
             The game lasted 00:04:16 (2608 turns).

safid the Skirmisher (Hill Orc Fighter)             Turns: 2608, Time: 00:04:16

Health: -3/47      AC:  7    Str: 20    XL:     5   Next: 70%
Magic:  5/5        EV:  7    Int:  8    God:
Gold:   13         SH:  9    Dex: 10    Spells: 4/4 levels left

rFire    . . .     SeeInvis .   a - +0 war axe
rCold    . . .     Faith    .   c - +0 kite shield
rNeg     . . .     Spirit   .   b - +0 scale mail
rPois    .         Reflect  .   (no helmet)
rElec    .         Harm     .   (no cloak)
rCorr    .         Rampage  .   (no gloves)
Will     .....                  (no boots)
Stlth    ..........             (no amulet)
HPRegen  0.15/turn              (no ring)
MPRegen  0.09/turn              (no ring)

@: no status effects
A: no striking features
a: no special abilities


You were on level 3 of the Dungeon.
You visited 1 branch of the dungeon, and saw 3 of its levels.

You collected 13 gold pieces.

Inventory:

Hand Weapons
 a - a +0 war axe (weapon)
Missiles
 i - 6 javelins (quivered)
 j - 23 poisoned darts
Armour
 b - a +0 scale mail (worn)
 c - a +0 kite shield (worn)
Scrolls
 f - a scroll of immolation {unknown}
 g - 3 scrolls of noise {unknown}
 l - a scroll of magic mapping {unknown}
 m - a scroll of teleportation {unknown}
 n - 2 scrolls of identify {unknown}
Potions
 d - a potion of might
 e - a potion of curing {unknown}
 h - a potion of ambrosia {unknown}
 k - a potion of brilliance {unknown}


   Skills:
 + Level 4.8 Fighting
 + Level 4.4 Axes
 + Level 4.4 Armour
 + Level 4.4 Shields


You had 4 spell levels left.
You didn't know any spells.
Your spell library was empty.

Dungeon Overview and Level Annotations

Branches:
Dungeon (3/15)

Altars:


Message History

You barely miss the bat. The bat barely misses you.
The gnoll hits you from afar with a +0 spear.
The bat closely misses you. The gnoll hits you but does no damage.
Your shield and scale mail prevent you from hitting the gnoll.
You closely miss the bat. The bat barely misses you.
The gnoll hits you with a +0 club.
A gnoll comes into view.
It is wielding a +1 halberd of protection.
The bat hits you but does no damage. You block the gnoll's attack.
The gnoll shouts!
You hit the gnoll.
The gnoll is lightly wounded.
You hit the bat. The bat barely misses you.
The gnoll hits you but does no damage.
The gnoll hits you from afar with a +0 spear.
You closely miss the bat.
The bat is heavily wounded.
You hit the gnoll. You block the bat's attack.
The gnoll hits you but does no damage. You block the gnoll's attack.
You slash the gnoll!
The gnoll is heavily wounded.
The bat hits you but does no damage. You block the bat's attack.
The gnoll hits you from afar with a +0 spear!
The gnoll hits you with a +0 flail. The gnoll hits you but does no damage.
The bat barely misses you.
You hit the gnoll.
The gnoll is severely wounded.
You slash the bat!
You kill the bat!
The gnoll hits you from afar with a +1 halberd of protection!
The gnoll hits you with a +0 flail.
* * * LOW HITPOINT WARNING * * *
You block the gnoll's attack.
The gnoll hits you from afar with a +1 halberd of protection!
* * * LOW HITPOINT WARNING * * *
You block the gnoll's attack.
An orc comes into view. It is wielding a +0 hand axe.
The orc shouts!
An orc priest comes into view. It is wielding a +0 club.
The gnoll hits you with a +0 club!
You die...

#..# #.#.# #.o#
#.#.# #..# #.#.#
.#########..# #.#.#
............# #.#.#
#########...####.#.#
#..)o.......#
#.#.######)##
#####@...#####.#
#....g.......#.##
#(###.g..###..#.##
#.#.####.###.##
#.#.g...## ##.#
#.######g###.## #.#
#..#>## ..# #.#.##
.######## #.#.#


You could see an orc priest (wandering), 3 gnolls and an orc.

Vanquished Creatures
  Natasha (thrice) (D:2)
  2 orc wizards (D:3)
  An adder (D:3)
  A dart slug (D:1)
  2 orcs (D:3)
  7 bats
  4 endoplasms
  3 goblins
  4 hobgoblins
  4 jackals (D:1)
  3 quokkas
  5 ball pythons
  3 frilled lizards
  8 kobolds
  4 rats
54 creatures vanquished.

Notes
Turn   | Place    | Note
-------+----------+-------------------------------------------
     0 | D:1      | safid the Hill Orc Fighter began the quest for the Orb.
     0 | D:1      | Reached XP level 1. HP: 19/19 MP: 1/1
   315 | D:1      | Reached XP level 2. HP: 27/27 MP: 2/2
   862 | D:1      | Found a faded altar of an unknown god.
   999 | D:1      | Reached XP level 3. HP: 33/33 MP: 3/3
  1575 | D:2      | Noticed Natasha
  1580 | D:2      | Killed Natasha
  1581 | D:2      | Reached XP level 4. HP: 39/40 MP: 4/4
  1604 | D:2      | Noticed Natasha
  1617 | D:2      | Killed Natasha
  1754 | D:2      | Noticed Natasha
  1758 | D:2      | Killed Natasha
  1759 | D:2      | Reached XP level 5. HP: 47/47 MP: 5/5
  2590 | D:3      | HP: 1/47 [gnoll (10)]
  2608 | D:3      | Slain by a gnoll

Illustrated notes

Levels and vault maps discovered:
D:1:      dpeg_arrival_shrine, layout_loops_ring,
          shapermc_ecumenical_altar_mp_vishouse, minmay_misc_feat_doors
D:2:      layout_rooms, serial_rivers, chequers_serial_rivers_large_a,
          chequers_serial_rivers_small_a, chequers_serial_rivers_small_b,
          chequers_serial_rivers_micro_b, chequers_serial_rivers_small_3,
          amcnicky_mini_rare_corridor_liquid, uniq_natasha
D:3:      layout_loops_ring

Skill      XL: |  1  2  3  4 |
---------------+-------------+-----
Axes           | 3 4 |  4.4
Fighting       | 4 |  4.8
Armour         | 4 |  4.4
Shields        | 4 |  4.4

Action                   |  1- 3 |  4- 6 || total
-------------------------+-------+-------++-------
Melee: War axe           |   110 |    63 ||   173
Armor: Scale mail        |    69 |    43 ||   112
Dodge: Dodged            |    46 |    24 ||    70
Block: Kite shield       |    72 |    46 ||   118
